 Dungeon Crawl Stone Soup version 0.22-a0-439-gac93bac (webtiles) character file.

738 Mgcat the Cleaver (level 7, -5/85 HPs)
             Began as a Hill Orc Berserker on May 29, 2018.
             Was a Believer of Trog.
             Splashed by a jelly's acid (8 damage)
             ... on level 7 of the Dungeon.
             The game lasted 00:06:30 (1455 turns).

Mgcat the Cleaver (Hill Orc Berserker)              Turns: 1455, Time: 00:06:31

Health: -5/85      AC: -6    Str: 30    XL:     7   Next: 75%
Magic:  7/7        EV:  9    Int:  7    God:    Trog [**....]
Gold:   159        SH:  0    Dex: 10    Spells: 6/6 levels left

rFire    . . .     SeeInvis .   a - +0 hand axe
rCold    . . .     Gourm    .   (no shield)
rNeg     . . .     Faith    .   h - +0 chain mail
rPois    .         Spirit   .   (no helmet)
rElec    .         Reflect  .   (no cloak)
rCorr    .         Harm     .   l - +0 pair of gloves
MR       .....                  (no boots)
Stlth    ..........             (no amulet)
HPRegen  0.24/turn              o - +3 ring of strength
MPRegen  0.10/turn              (no ring)

@: berserking, corroded, very quick
A: no striking features
a: Berserk, Trog's Hand, Renounce Religion


You were on level 7 of the Dungeon.
You worshipped Trog.
Trog was pleased with you.
You were hungry.

You visited 1 branch of the dungeon, and saw 7 of its levels.

You collected 159 gold pieces.

Inventory:

Hand Weapons
 a - a +0 hand axe (weapon)
Armour
 h - a +0 chain mail (worn)
   (You found it on level 1 of the Dungeon)
 l - a +0 pair of gloves (worn)
   (You found it on level 4 of the Dungeon)
Jewellery
 o - a +3 ring of strength (left hand)
   (You found it on level 7 of the Dungeon)
Wands
 n - a wand of disintegration (9)
   (You found it on level 7 of the Dungeon)
Scrolls
 d - 2 scrolls of identify
 g - a scroll of random uselessness {unknown}
 i - 4 scrolls of teleportation
 j - a scroll of fear
Potions
 b - a potion of flight {unknown}
 e - a potion of might {unknown}
 k - a potion of brilliance
 m - a potion of haste
 p - 2 potions of heal wounds {unknown}
Comestibles
 c - 2 rations
 f - 13 chunks of flesh {@w0}


   Skills:
 - Level 3.6 Fighting
 + Level 11.3 Axes
 - Level 2.1 Armour
 - Level 1.5 Dodging


You had 6 spell levels left.
You didn't know any spells.
Your spell library was empty.

Dungeon Overview and Level Annotations

Branches:
Dungeon (7/15)
 Temple: D:4-7

Altars:
Hepliaklqana


Message History

An ice beast comes into view.
You hear a blaring wail to the east.
Okay, then.
Okay, then.
A red film seems to cover your vision as you go berserk!
You feel yourself moving faster!
You feel mighty!
You are feeling hungry.
You are too berserk!
You slash the ice beast!
The ice beast is heavily wounded.
The ice beast hits you but does no damage.
Some of the chunks of flesh in your inventory have rotted away.
You closely miss the ice beast.
The ice beast is heavily wounded.
Your chain mail prevents you from hitting the ice beast.
The ice beast is heavily wounded.
The ice beast barely misses you.
You completely miss the ice beast.
The ice beast is heavily wounded.
You closely miss the ice beast.
The ice beast is heavily wounded.
The ice beast completely misses you.
You slash the ice beast!
The ice beast is almost dead.
You slash the ice beast!
You kill the ice beast!
Trog accepts your kill.
No target in view!
You feel a strong urge to attack something.
You feel your anger nearly subside.
You are no longer berserk.
You are exhausted.
You feel yourself slow down.
You hear the brisk hiss of a very distant avalanche of sand.
Eating one of 14 chunks of flesh {@w0}.
You eat one of the 14 chunks of flesh {@w0}.
This raw flesh tastes terrible.
Okay, then.
Unknown command.
Key pressed, stopping explore.
Unknown command.
You feel yourself speed up.
You see here a robe.
You now have 159 gold pieces (gained 12).
You see here a robe.
You recover from your berserk rage.
You hear the brisk hiss of a very distant avalanche of sand.
There is an open door here.
You hear a distant slurping noise.
A jelly comes into view.
The jelly quivers.
A jelly is nearby!
The jelly hits you but does no damage.
You see here a scroll of amnesia.
You hit the jelly. The acid corrodes you!
Your hands burn!
The jelly is moderately wounded.
The jelly barely misses you.
You slash the jelly!
Your hands burn!
The jelly is heavily wounded.
You hit the jelly. The acid corrodes you!
Your hands burn!
The jelly is severely wounded.
The jelly hits you but does no damage.
You hit the jelly.
Your hands burn!
The jelly is almost dead.
The jelly hits you.
You are splashed with acid!
The acid burns!
You are too injured to fight recklessly!
You are too injured to fight recklessly!
You are too injured to fight recklessly!
You hit the jelly but do no damage. The acid corrodes you!
Your hands burn!
The jelly is almost dead.
You hit the jelly.
Your hands burn!
The jelly is almost dead.
The jelly barely misses you.
You hit the jelly but do no damage.
Your hands burn!
The jelly is almost dead.
The jelly hits you. The acid corrodes you!
You are splashed with acid!
The acid burns!
A red film seems to cover your vision as you go berserk!
You feel yourself moving faster!
You feel mighty!
You are feeling hungry.
The jelly hits you.
You are splashed with acid!
The acid burns!
* * * LOW HITPOINT WARNING * * *
You completely miss the jelly.
The jelly is almost dead.
You hit the jelly but do no damage.
Your hands burn!
* * * LOW HITPOINT WARNING * * *
The jelly is almost dead.
The jelly hits you.
* * * LOW HITPOINT WARNING * * *
You are splashed with acid!
The acid burns!
* * * LOW HITPOINT WARNING * * *
You hit the jelly. The acid corrodes you!
Your hands burn!
* * * LOW HITPOINT WARNING * * *
The jelly is almost dead.
You are too berserk!
You barely miss the jelly.
The jelly is almost dead.
The jelly hits you.
* * * LOW HITPOINT WARNING * * *
You are splashed with acid!
The acid burns!
You die...

#.##.#....)[...........
#.##.###..)............
#.##.# +....###....##'#
#.#..# #....# #....##.#
#.# .......####......#
#.# #.......+.........#
#.# ..#.....######...##
#.#####.....# ##....
#.....@J#+#########....
#########.###....##....
#......#.#....#+##
#......#'#....#
#.............#
#.............#
#######.......#
#.......#.#.
#...........


You could see a jelly.

Vanquished Creatures
  An ice beast (D:7)
  An ogre (D:4)
  A bullfrog (D:7)
  A scorpion (D:4)
  2 orc priests (D:7)
  A centaur skeleton (D:4)
  6 orc wizards
  3 worker ants
  A hound zombie (D:7)
  A howler monkey skeleton (D:3)
  3 adders
  A shadow imp (D:5)
  An ooze (D:1)
  3 worms
  A leopard gecko (D:1)
  19 orcs
  3 giant cockroaches
  A goblin (D:3)
  3 jackals (D:7)
  A kobold (D:3)
  3 ball pythons
  A quokka skeleton (D:4)
  3 rats
61 creatures vanquished.

Notes
Turn   | Place    | Note
-------+----------+-------------------------------------------
     0 | D:1      | Mgcat the Hill Orc Berserker began the quest for the Orb.
     0 | D:1      | Reached XP level 1. HP: 19/19 MP: 1/1
   141 | D:1      | Reached XP level 2. HP: 26/26 MP: 2/2
   338 | D:3      | Reached skill level 5 in Axes
   356 | D:3      | Reached XP level 3. HP: 31/31 MP: 3/3
   447 | D:3      | Reached skill level 6 in Axes
   517 | D:4      | Noticed a scorpion
   523 | D:4      | Killed a scorpion
   523 | D:4      | Reached skill level 7 in Axes
   523 | D:4      | Reached XP level 4. HP: 39/39 MP: 4/4
   617 | D:4      | Reached XP level 5. HP: 45/45 MP: 5/5
   775 | D:4      | Reached skill level 8 in Axes
   804 | D:4      | Noticed an ogre
   809 | D:4      | Reached ** piety under Trog
   810 | D:4      | Reached XP level 6. HP: 51/51 MP: 6/6
   812 | D:4      | Reached skill level 9 in Axes
   855 | D:5      | Entered Level 5 of the Dungeon
  1025 | D:6      | Reached skill level 10 in Axes
  1029 | D:6      | Found a hazy altar of Hepliaklqana.
  1091 | D:7      | Reached XP level 7. HP: 57/57 MP: 7/7
  1285 | D:7      | Reached skill level 11 in Axes
  1451 | D:7      | HP: 19/85 [acid (10)]
  1454 | D:7      | HP: 5/85 [acid (5)]
  1455 | D:7      | Splashed by a jelly's acid

Vault maps used:
D:1:      minmay_arrival_stone_box, serial_forest, infiniplex_forest_lined_1,
          infiniplex_forest_clump_double, infiniplex_forest_clump_tiny,
          infiniplex_forest_clump_small
D:3:      nicolae_dithmenos_shadow_blocks, gup_sewer_entry_glass, first_ration
D:4:      overflow_temple_1_default, minitemple
D:5:      grunt_temple_overflow_cloverleaf, lemuel_coloured_pillars_altar
D:6:      kennysheep_mini
D:7:      minmay_temple_entry_glassed_door, nicolae_ossuary_entry_giza,
          uniq_crazy_yiuf_cottage

Skill      XL: |  1  2  3  4  5  6  7 |
---------------+----------------------+-----
Axes           | 5 7 8 10 11 | 11.3
Fighting       | |  3.6
Armour         | |  2.1
Dodging        | |  1.5

Action                   |  1- 3 |  4- 6 |  7- 9 || total
-------------------------+-------+-------+-------++-------
Melee: Hand axe          |    49 |    72 |    70 ||   191
Invok: Berserk           |     4 |     4 |     4 ||    12
       Trog's Hand       |       |     1 |       ||     1
  Use: Scroll            |       |     5 |       ||     5
  Eat: Chunk             |     1 |     6 |     5 ||    12
Armor: Chain mail        |    30 |    22 |    36 ||    88
Dodge: Dodged            |    15 |    24 |    33 ||    72

Table legend:
 A = Spawn XP
 B = Non-spawn XP
 C = Spawn XP percentage of total XP
 D = Spawn monster count
 E = Non-spawn monster count
 F = Spawn count percentage of total count
 G = Total turns spent on level
                    A         B        C        D         E        F      G
               +---------+---------+-------+---------+---------+-------+---------
         Total |       0 |    1055 |   0.0 |       0 |      61 |   0.0 |  1455
               +---------+---------+-------+---------+---------+-------+---------
           D:1 |       0 |      12 |   0.0 |       0 |       4 |   0.0 |   157
           D:2 |       0 |       5 |   0.0 |       0 |       1 |   0.0 |   174
           D:3 |       0 |      61 |   0.0 |       0 |      15 |   0.0 |   185
           D:4 |       0 |     433 |   0.0 |       0 |      15 |   0.0 |   339
           D:5 |       0 |      47 |   0.0 |       0 |       2 |   0.0 |    88
           D:6 |       0 |      58 |   0.0 |       0 |       5 |   0.0 |   141
           D:7 |       0 |     439 |   0.0 |       0 |      19 |   0.0 |   371
               +---------+---------+-------+---------+---------+-------+---------

Vault maps used:
D:1:      minmay_arrival_stone_box, serial_forest, infiniplex_forest_lined_1,
          infiniplex_forest_clump_double, infiniplex_forest_clump_tiny,
          infiniplex_forest_clump_small
D:3:      nicolae_dithmenos_shadow_blocks, gup_sewer_entry_glass, first_ration
D:4:      overflow_temple_1_default, minitemple
D:5:      grunt_temple_overflow_cloverleaf, lemuel_coloured_pillars_altar
D:6:      kennysheep_mini
D:7:      minmay_temple_entry_glassed_door, nicolae_ossuary_entry_giza,
          uniq_crazy_yiuf_cottage

Table legend:
 A = Turns spent in this place as a percentage of turns spent in the entire game.
 B = Non-inter-level travel turns spent in this place as a percentage of non-inter-level travel turns spent in the entire game.
 C = Inter-level travel turns spent in this place as a percentage of turns spent in this place.
 D = Turns resting spent in this place as a percentage of non-inter-level travel turns spent in this place.
 E = Turns spent auto-exploring this place as a percentage of non-inter-level travel turns spent in this place.
 F = Non-inter-level travel turns spent in this place divided by the number of levels of this place that you've seen.
                   A       B       C       D       E      F
               +-------+-------+-------+-------+-------+----------------------
         Total | 100.0 | 100.0 |   4.3 |  27.4 |  39.7 | 198.9
       Dungeon | 100.0 | 100.0 |   4.3 |  27.4 |  39.7 | 198.9
               +-------+-------+-------+-------+-------+----------------------

Table legend:
 A = Kills in this place as a percentage of kills in entire the game.
 B = Kills by you in this place as a percentage of kills by you in the entire game.
 C = Kills by friends in this place as a percentage of kills by friends in the entire game.
 D = Other kills in this place as a percentage of other kills in the entire game.
 E = Experience gained in this place as a percentage of experience gained in the entire game.
 F = Experience gained in this place divided by the number of levels of this place that you have seen.
                   A       B       C       D       E      F
               +-------+-------+-------+-------+-------+----------------------
         Total | 100.0 | 100.0 |   N/A |   N/A | 100.0 | 150.7
       Dungeon | 100.0 | 100.0 |   N/A |   N/A | 100.0 | 150.7
               +-------+-------+-------+-------+-------+----------------------
